 Dungeon Crawl Stone Soup version 0.30-a0-924-g0ad0bf95bc (webtiles) character file.

Game seed: 4630563530050233285

306 retardedninja the Covered (level 6, -1/50 HPs)
             Began as an Armataur Fighter on Mar 22, 2023.
             Was an Initiate of Ashenzari.
             Killed by nerve-wracking pain
             ... invoked by an orc priest
              (3 damage)
             ... on level 4 of the Dungeon.
             The game lasted 00:05:34 (3121 turns).

retardedninja the Covered (Armataur Fighter)        Turns: 3121, Time: 00:05:35

Health: -1/50      AC: 11    Str: 21 (23) XL:     6   Next: 16%
Magic:  5/5        EV:  6    Int:  8 (12) God:    Ashenzari [......]
Gold:   175        SH: 12    Dex:  4 (6)  Spells: 5/5 levels left

rFire   . . .      SeeInvis .    a - +0 war axe
rCold   . . .      Faith    .    s - +0 kite shield
rNeg    . . .      Spirit   .    b - +0 scale mail
rPois   .          Reflect  +    u - +0 helmet
rElec   .          Roll     +    d - +2 cloak
rCorr   .                        (no gloves)
Will    +....                    (no barding) Stlth
                                 g - amulet of reflection
HPRegen 0.28/turn                r - ring of willpower
MPRegen 0.09/turn                (no ring)

@: brilliant, attractive, flying
A: large, rugged brown scales 3, deformed body, armoured tail, roll, long
tongue, awkward tongue, clever 1, clumsy 1, frail 1, low MP 1, screaming 1,
MP-powered wands
a: Renounce Religion


You were on level 4 of the Dungeon.
You worshipped Ashenzari.
Ashenzari was noncommittal.
You visited 1 branch of the dungeon, and saw 4 of its levels.

You collected 175 gold pieces.

Inventory:

Hand Weapons
 a - a +0 war axe (weapon)
Armour
 b - a +0 scale mail (worn)
 d - a +2 cloak (worn)
 s - a +0 kite shield (worn)
 u - a +0 helmet (worn)
Jewellery
 g - an amulet of reflection (around neck)
 r - a ring of willpower (left hand)
Scrolls
 f - 3 scrolls of blinking {unknown}
 i - 2 scrolls of noise {unknown}
 j - 2 scrolls of identify {unknown}
 k - a scroll of magic mapping {unknown}
 l - a scroll of vulnerability {unknown}
 n - 2 scrolls of enchant weapon {unknown}
 p - 2 scrolls of amnesia {unknown}
 q - 2 scrolls of immolation {unknown}
 x - a scroll of poison {unknown}
Potions
 c - a potion of attraction
 o - a potion of brilliance
 z - a potion of magic


   Skills:
 + Level 3.6 Fighting
 * Level 3.5 Axes
 + Level 4.9 Armour
 + Level 4.5 Shields


You had 5 spell levels left.
You didn't know any spells.
Your spell library was empty.

Dungeon Overview and Level Annotations

Branches:
Dungeon (4/15)
 Temple: D:4-7

Altars:
Ashenzari
Trog

Shops:
D:1 =   D:2 *

Annotations:
D:4 Blork the orc


Innate Abilities, Weirdness & Mutations

You are completely covered in rugged brown scales. (AC +3, +7% HP)
Armour fits poorly on your strangely shaped body.
You have a long armoured tail.
You roll when moving toward enemies. (Rampage)
Your long tongue fully drains potion bottles. (2x potion effects)
Your tongue gives you trouble enunciating. (1.5x scroll delay)
Your mind is acute. (Int +4, Str/Dex -1)
You are clumsy. (Dex -2)
You are frail. (-10% HP)
Your magical capacity is low. (-10% MP)
You occasionally shout uncontrollably at your foes.
You expend magic power (3 MP) to strengthen your wands.


Message History

You slurp down every last drop of the potion of degeneration!
Blork the orc hits you with a +0 glaive.
* * * LOW HITPOINT WARNING * * *
The orc priest hits you but does no damage.
It was a potion of flight.
You feel very buoyant.
You fly up into the air.
You slurp down every last drop of the potion of flight!
The orc priest hits you but does no damage.
You block Blork the orc's attack.
It was a potion of ambrosia.
You are confused.
You feel invigorated.
You slurp down every last drop of the potion of ambrosia!
The orc priest hits you with a +0 dagger.
* * * LOW HITPOINT WARNING * * *
Blork the orc gestures wildly while chanting.
Blork the orc seems to speed up.
You're too confused to move!
Blork the orc hits you with a +0 glaive!
* * * LOW HITPOINT WARNING * * *
The orc priest hits you but does no damage.
Blork the orc hits you with a +0 glaive.
* * * LOW HITPOINT WARNING * * *
You barely miss the orc priest.
Your tail-slap misses the orc priest.
The orc priest is lightly wounded.
You hit Blork the orc but do no damage.
You feel less invigorated.
You feel less confused.
Blork the orc hits you with a +0 glaive!
* * * LOW HITPOINT WARNING * * *
You block the orc priest's attack.
Blork the orc screams, "I'm much stronger than you!"
Blork the orc barely misses you. The orc priest barely misses you.
Unknown command.
You slash the orc priest!
The orc priest is almost dead.
You hit Blork the orc. You block Blork the orc's attack.
The orc priest mumbles some strange prayers to Beogh against you.
Pain shoots through your body!
You die...

#..o†).#######
#...##.##....#
#..) #.##.##.#
#...
#.##.##.######
(....
#.##.##.#....#
.)....
#>##.##...##.#
.......
#o##.#######.#
(......
#o##.#.......#####
#@o..#.####.......
###### #.......
+....... #.......
#....... #####...
####


You could see Blork the orc (fast), an orc priest and an orc.

Vanquished Creatures
  A howler monkey (D:4)
  A hound (D:4)
  Jessica (D:2)
  An iguana (D:3)
  A sleepcap (D:4)
  Robin (D:2)
  4 gnolls (D:2)
  2 adders
  A worm (D:4)
  4 dart slugs
  2 orcs (D:4)
  9 ball pythons
  5 bats
  5 endoplasms
  3 giant cockroaches
  14 goblins
  8 hobgoblins
  3 jackals (D:2)
  5 frilled lizards
  6 kobolds
  5 rats
82 creatures vanquished.

Vanquished Creatures (others)
  A kobold (D:3)
1 creature vanquished.

Grand Total: 83 creatures vanquished

Notes
Turn   | Place    | Note
-------+----------+-------------------------------------------
     0 | D:1      | retardedninja the Armataur Fighter began the quest for the
                  | Orb.
     0 | D:1      | Reached XP level 1. HP: 19/19 MP: 1/1
    92 | D:1      | Found Meapnasa's Jewellery Shop.
   143 | D:1      | Found a faded altar of an unknown god.
   187 | D:1      | Reached XP level 2. HP: 26/26 MP: 2/2
   663 | D:2      | Noticed Robin
   670 | D:2      | Reached XP level 3. HP: 28/32 MP: 3/3
   676 | D:2      | Killed Robin
   794 | D:1      | Prayed at the altar of an unknown god.
   794 | D:1      | Became a worshipper of Ashenzari the Shackled
   897 | D:2      | Reached XP level 4. HP: 36/40 MP: 4/4
  1068 | D:2      | Found a bloodstained altar of Trog.
  1107 | D:2      | Found Eneyvock's General Store.
  1244 | D:2      | Noticed Jessica
  1252 | D:2      | Killed Jessica
  1253 | D:2      | Reached XP level 5. HP: 25/48 MP: 5/5
  3080 | D:4      | Reached XP level 6. HP: 53/55 MP: 6/6
  3083 | D:4      | Noticed Blork the orc
  3115 | D:4      | Gained mutation: You expend magic power (3 MP) to
                  | strengthen your wands. [potion of mutation]
  3115 | D:4      | Gained mutation: You occasionally shout uncontrollably at
                  | your foes. [potion of mutation]
  3115 | D:4      | Gained mutation: You are clumsy. (Dex -2) [potion of
                  | mutation]
  3115 | D:4      | Gained mutation: Your magical capacity is low. (-10% MP)
                  | [potion of mutation]
  3115 | D:4      | Gained mutation: You are frail. (-10% HP) [potion of
                  | mutation]
  3115 | D:4      | Gained mutation: Your mind is acute. (Int +4, Str/Dex -1)
                  | [potion of mutation]
  3120 | D:4      | HP: 2/50 [Blork the orc/+0 glaive (11)]
  3121 | D:4      | Killed from afar by an orc priest

Illustrated notes

Levels and vault maps discovered:
D:1:      lemuel_arrival_room, layout_basic, serial_shops,
          nicolae_shop_behind_doors,
          dreamdust_ecumenical_altar_angels_and_demons
D:2:      layout_basic, basic_altar, serial_shops, nicolae_lakefront_shop,
          uniq_jessica, uniq_robin
D:3:      layout_loops_corners
D:4:      layout_basic, uniq_blork_the_orc

Skill      XL: |  1  2  3  4  5 |
---------------+----------------+-----
Axes           | 2 3 |  3.5
Armour         | 4 |  4.9
Fighting       | 3 |  3.6
Shields        | 4 |  4.5

Action                     |  1- 3 |  4- 6 || total
---------------------------+-------+-------++-------
  Melee: War axe           |    68 |   103 ||   171
         Tailslap          |    13 |     7 ||    20
  Throw: Javelin           |       |    15 ||    15
 Invoke: Curse Item        |     1 |       ||     1
         Shatter the Chain |       |     1 ||     1
    Use: Potion            |     1 |    10 ||    11
 Armour: Scale mail        |    29 |    49 ||    78
  Dodge: Dodged            |    27 |    30 ||    57
  Block: Buckler           |    11 |    34 ||    45
         Kite shield       |       |    45 ||    45
         Reflection        |       |     3 ||     3

Table legend: (Time is in decaauts)
 A = Elapsed time spent in this place.
 B = Non-inter-level travel time spent in this place.
 C = Inter-level travel time spent in this place.
 D = Time resting spent in this place.
 E = Time spent auto-exploring this place.
 F = Levels seen in this place.
 G = Mean time per level.
                   A        B        C        D        E       F      G
               +--------+--------+--------+--------+--------+-----+--------+
         Total |   3200 |   3034 |    166 |    201 |   2226 |   4 |  800.0 |
       Dungeon |   3200 |   3034 |    166 |    201 |   2226 |   4 |  800.0 |
               +--------+--------+--------+--------+--------+-----+--------+

Top non-repeatable levels by time:
     D:2: 1258 daAuts
     D:3: 976 daAuts
     D:1: 672 daAuts
     D:4: 293 daAuts
